 Dungeon Crawl Stone Soup version 0.29-a0-643-ga013cefcf8 (webtiles) character file.

Game seed: 12284568631926122939

4659 mandarbmax the Grappler (level 10, -10/92 HPs)
             Began as a Troll Necromancer on June 19, 2022.
             Was a Believer of Cheibriados.
             Mangled by a two-headed ogre
             ... wielding a +0 giant spiked club
              (27 damage)
             ... on level 9 of the Dungeon.
             The game lasted 00:12:24 (5881 turns).

mandarbmax the Grappler (Troll Necromancer)         Turns: 5881, Time: 00:12:25

Health: -10/92     AC:  9    Str: 23    XL:     10   Next: 20%
Magic:  12/12      EV: 11    Int: 18    God:    Cheibriados [**....]
Gold:   475        SH:  0    Dex: 17    Spells: 6/13 levels left

rFire   + . .      SeeInvis .     - Unarmed
rCold   . . .      Faith    .   (no shield)
rNeg    . . .      Spirit   .   B - +1 robe {rF+}
rPois   .          Reflect  .   (helmet restricted)
rElec   .          Harm     .   (no cloak)
rCorr   .          Rampage  .   (gloves unavailable)
Will    .....                   (boots unavailable)
Stlth   ++........              (no amulet)
HPRegen 1.05/turn               p - +4 ring of slaying
MPRegen 0.13/turn               r - +4 ring of protection

@: very slow
A: large, unfitting armour, claws 3, regeneration 1, shaggy fur 1, tough skin 1
a: Renounce Religion, Bend Time


You were on level 9 of the Dungeon.
You worshipped Cheibriados.
Cheibriados was pleased with you.
You visited 2 branches of the dungeon, and saw 10 of its levels.

You collected 570 gold pieces.
You spent 95 gold pieces at shops.

Inventory:

Armour
 B - a +1 robe of fire resistance (worn)
Jewellery
 d - a +4 ring of evasion
 p - a +4 ring of slaying (left claw)
 r - a +4 ring of protection (right claw)
Wands
 s - a wand of digging (4)
 v - a wand of charming (10)
 y - a wand of acid (8)
Scrolls
 a - a scroll of acquirement {unknown}
 c - a scroll of enchant weapon
 e - 2 scrolls of teleportation
 f - 2 scrolls of vulnerability {unknown}
 h - 3 scrolls of blinking {unknown}
 j - 3 scrolls of enchant armour
 k - 2 scrolls of poison
 l - 3 scrolls of magic mapping
 m - a scroll of fog
 o - 3 scrolls of fear {unknown}
 t - a scroll of summoning
 w - 2 scrolls of immolation
Potions
 b - a potion of magic
 g - 4 potions of curing
 i - a potion of attraction
 n - a potion of degeneration {unknown}
 q - 2 potions of invisibility {unknown}
 u - 5 potions of heal wounds {unknown}
 x - a potion of resistance
 z - a potion of lignification
 A - 2 potions of might


   Skills:
 * Level 4.1 Fighting
 + Level 3.6 Dodging
 - Level 1.0 Stealth
 - Level 13.1 Unarmed Combat
 - Level 2.0 Spellcasting
 - Level 3.2 Necromancy


You had 6 spell levels left.
You knew the following spells:

 Your Spells              Type           Power      Damage    Failure   Level
a - Necrotize             Necr           52%        1d6       4%          1
b - Animate Dead          Necr           13%        N/A       43%         4
c - Blink                 Tloc           2%         N/A       26%         2

Your spell library contained the following spells:

 Spells                   Type           Power      Damage    Failure   Level
 Vampiric Draining        Necr           13%        2d6       14%         3
 Ozocubu's Armour         Ice            1%         N/A       47%         3
 Tukima's Dance           Hex            1%         N/A       47%         3
 Agony                    Necr           13%        N/A       78%         5
 Animate Armour           Summ/Erth      2%         N/A       87%         4
 Passage of Golubria      Tloc           1%         N/A       87%         4
 Blade Hands              Tmut           0%         N/A       99%         5
 Manifold Assault         Tloc           1%         N/A       99%         5
 Metabolic Englaciation   Hex/Ice        0%         N/A       99%         5
 Yara's Violent Unravell  Hex/Tmut       0%         3d3       99%         5
 Iron Shot                Conj/Erth      0%         9d1       100%        6
 Simulacrum               Ice/Necr       3%         N/A       100%        6
 Storm Form               Tmut/Air       0%         N/A       100%        7


Dungeon Overview and Level Annotations

Branches:
Dungeon (9/15)             Temple (1/1) D:7
   Lair: D:8-11         Orc: D:9-12

Altars:
Ashenzari
Cheibriados
Dithmenos
Elyvilon
Fedhas
Gozag
Hepliaklqana
Kikubaaqudgha
Makhleb
Nemelex Xobeh
Okawaru
Qazlal
Ru
Sif Muna
Trog
Uskayaw
Vehumet
Wu Jian
Xom
Yredelemnul
Zin
The Shining One

Shops:
D:6 *   D:8 (   D:9 (?


Innate Abilities, Weirdness & Mutations

You are too large for most types of armour.
You have claws for hands.
Your natural rate of healing is unusually fast.
You are covered in fur. (AC +1)
You have tough skin. (AC +1)


Message History

You barely miss the gnoll.
The gnoll is heavily wounded.
The gnoll hits you with a +0 whip.
You mangle the gnoll!!
You kill the gnoll!
Cheibriados thoroughly appreciates the change of pace.
Magic restored.
h - 3 scrolls labelled CEERGH KEFEYJOFF (gained 1)
Things that are here:
a +0 spear; a +0 ring mail You now have 457 gold pieces (gained 13).
Things that are here:
a +0 whip; a gnoll corpse
Things that are here:
a +0 spear; a +0 ring mail You now have 475 gold pieces (gained 18).
You see here a +0 halberd.
Found a staff of cold.
A two-headed ogre comes into view.
It is wielding two +0 giant spiked clubs.
The two-headed ogre shouts in stereo!
The two-headed ogre closely misses you.
The two-headed ogre hits you but does no damage.
You scratch the two-headed ogre.
The two-headed ogre is lightly wounded.
The two-headed ogre hits you with a +0 giant spiked club!!
The two-headed ogre closely misses you.
You scratch the two-headed ogre.
The two-headed ogre is lightly wounded.
You mangle the two-headed ogre!!
The two-headed ogre is severely wounded.
The two-headed ogre closely misses you.
The two-headed ogre hits you with a +0 giant spiked club!
You barely miss the two-headed ogre.
The two-headed ogre is severely wounded.
You claw the two-headed ogre!
The two-headed ogre is almost dead.
The two-headed ogre hits you with a +0 giant spiked club!!!
* * * LOW HITPOINT WARNING * * *
The two-headed ogre hits you with a +0 giant spiked club!!
You die...

## .. #. . #.
....##.###
#....@.# ####O#.#
...#.#
#####.######
#......#
###############.#
#.......# #.#
#.#####.# #.# #.#
#.# #.#


You could see a two-headed ogre.

Vanquished Creatures
  A wyvern (D:8)
  A steam dragon (D:7)
  6 yaks (D:9)
  Edmund (D:4)
  3 water moccasins
  2 orc warriors
  An ice beast (D:6)
  A sky beast (D:7)
  A black bear (D:4)
  A centaur (D:8)
  3 kobold brigands
  3 necrophages
  2 bullfrogs
  A gnoll sergeant (D:9)
  6 scorpions
  5 wights (D:9)
  8 killer bees (D:8)
  7 howler monkeys
  3 hounds
  3 jellies
  2 gnoll shamans
  2 orc priests
  3 iguanas
  4 orc wizards
  11 gnolls
  3 adders
  A white imp (D:5)
  A worm (D:2)
  3 dart slugs
  16 orcs
  6 endoplasms
  6 giant cockroaches
  5 goblins
  5 hobgoblins
  26 kobolds
  2 quokkas
  4 ball pythons
  5 bats
  4 frilled lizards
  5 rats
173 creatures vanquished.

Vanquished Creatures (collateral kills)
  A frilled lizard (D:1)
1 creature vanquished.

Grand Total: 174 creatures vanquished

Notes
Turn   | Place    | Note
-------+----------+-------------------------------------------
     0 | D:1      | mandarbmax the Troll Necromancer began the quest for the
                  | Orb.
     0 | D:1      | Reached XP level 1. HP: 16/16 MP: 1/1
    67 | D:1      | Reached skill level 1 in Unarmed Combat
    70 | D:1      | Reached XP level 2. HP: 21/24 MP: 0/2
   256 | D:1      | Reached skill level 2 in Unarmed Combat
   510 | D:1      | Reached XP level 3. HP: 31/31 MP: 3/3
  1038 | D:2      | Reached skill level 3 in Unarmed Combat
  1430 | D:3      | Reached XP level 4. HP: 39/39 MP: 4/4
  1635 | D:3      | Found a faded altar of an unknown god.
  1721 | D:4      | Reached skill level 4 in Unarmed Combat
  1749 | D:4      | Learned a level 4 spell: Animate Dead
  1902 | D:4      | Noticed a necrophage
  1905 | D:4      | Noticed Edmund
  1911 | D:4      | Killed a necrophage
  1912 | D:4      | Reached XP level 5. HP: 44/45 MP: 5/5
  1921 | D:4      | Killed Edmund
  1922 | D:4      | Reached skill level 5 in Unarmed Combat
  1922 | D:4      | Reached XP level 6. HP: 44/53 MP: 3/6
  1994 | D:4      | Reached skill level 6 in Unarmed Combat
  2156 | D:4      | Learned a level 2 spell: Blink
  2329 | D:4      | Reached skill level 7 in Unarmed Combat
  2578 | D:5      | Entered Level 5 of the Dungeon
  2584 | D:5      | Reached XP level 7. HP: 59/59 MP: 7/7
  2648 | D:5      | Reached skill level 8 in Unarmed Combat
  2842 | D:5      | Reached skill level 9 in Unarmed Combat
  2842 | D:5      | Reached XP level 8. HP: 65/67 MP: 8/8
  3162 | D:6      | Reached skill level 10 in Unarmed Combat
  3355 | D:6      | Reached skill level 11 in Unarmed Combat
  3458 | D:6      | Found Rouggure's Assorted Antiques.
  3466 | D:6      | Bought a glowing black potion for 23 gold pieces
  3466 | D:6      | Bought an amethyst potion for 23 gold pieces
  3955 | D:7      | Reached XP level 9. HP: 73/74 MP: 9/11
  4331 | D:7      | Found a staircase to the Ecumenical Temple.
  4340 | Temple   | Entered the Ecumenical Temple
  4706 | Temple   | Became a worshipper of Cheibriados the Contemplative
  4785 | D:8      | Reached skill level 12 in Unarmed Combat
  4884 | D:8      | Found Ogginorch's Weapon Boutique.
  4932 | D:8      | Reached * piety under Cheibriados
  5313 | D:9      | Reached skill level 13 in Unarmed Combat
  5345 | D:9      | Found Butac's Antique Weapon Emporium.
  5414 | D:9      | Reached skill level 1 in Fighting
  5481 | D:9      | Found Nelloy's Magic Scroll Shop.
  5485 | D:9      | Bought a scroll of magic mapping for 49 gold pieces
  5512 | D:9      | Found a hazy altar of Hepliaklqana.
  5540 | D:9      | Reached ** piety under Cheibriados
  5592 | D:9      | Reached XP level 10. HP: 90/91 MP: 12/12
  5875 | D:9      | Noticed a two-headed ogre
  5881 | D:9      | Mangled by a two-headed ogre

Illustrated notes

Levels and vault maps discovered:
D:1:      onia_arrival_pyramid, layout_loops_ring
D:2:      layout_basic, chequers_serial_rivers_small_b, kennysheep_small_spiral
D:3:      layout_rooms, shapermc_ecumenical_altar_starsandcircs,
          minmay_tree_intersection
D:4:      layout_basic, uniq_edmund
D:5:      layout_cave_pools, minmay_misc_feat_enclosed,
          hangedman_minor_gate_pass
D:6:      layout_cave_pools, serial_shops, shop
D:7:      layout_loops_cross, minmay_temple_entry_fiery,
          kennysheep_generic_room_7
D:8:      layout_cave_pools, serial_shops, shop
D:9:      layout_loops_cross, nzn_hepliaklqana_mist_gate, serial_shops,
          nicolae_stop_n_shop_2, shop
Temple:   mainiacjoe_temple_trianglar_array

Skill      XL: |  1  2  3  4  5  6  7  8  9 10 |
---------------+-------------------------------+-----
Unarmed Combat | 1 2 3 4 5 7 9 11 13 | 13.1
Dodging        | 2 3 |  3.6
Spellcasting   | 2 |  2.0
Fighting       | 3 4 |  4.1
Stealth        | |  1.0
Necromancy     | |  3.2

Action                   |  1- 3 |  4- 6 |  7- 9 | 10-12 || total
-------------------------+-------+-------+-------+-------++-------
Melee: Unarmed           |   139 |    72 |   241 |    24 ||   476
       Punch             |       |     4 |    11 |     1 ||    16
 Cast: Necrotize         |     4 |     1 |     6 |     5 ||    16
  Use: Potion            |       |     1 |     1 |       ||     2
       Scroll            |       |       |    13 |       ||    13
 Stab: Sleeping          |     4 |       |     1 |       ||     5
       Distracted        |     1 |       |       |       ||     1
Armor: Robe              |    50 |    21 |    87 |     6 ||   164
Dodge: Dodged            |    63 |    26 |   116 |    13 ||   218

Table legend: (Time is in decaauts)
 A = Elapsed time spent in this place.
 B = Non-inter-level travel time spent in this place.
 C = Inter-level travel time spent in this place.
 D = Time resting spent in this place.
 E = Time spent auto-exploring this place.
 F = Levels seen in this place.
 G = Mean time per level.
                   A        B        C        D        E       F      G
               +--------+--------+--------+--------+--------+-----+--------+
         Total |   6128 |   5868 |    260 |     10 |   4766 |  10 |  612.8 |
       Dungeon |   5732 |   5527 |    205 |     10 |   4429 |   9 |  636.9 |
        Temple |    395 |    340 |     55 |      0 |    337 |   1 |  395.0 |
               +--------+--------+--------+--------+--------+-----+--------+

Top non-repeatable levels by time:
     D:4: 861 daAuts
     D:7: 734 daAuts
     D:9: 724 daAuts
     D:1: 714 daAuts
     D:8: 666 daAuts
     D:6: 553 daAuts
     D:2: 526 daAuts
     D:5: 489 daAuts
     D:3: 461 daAuts
  Temple: 395 daAuts
